 Dungeon Crawl Stone Soup version 0.29-a0-111-gbaf749a769 (webtiles) character file.

Game seed: 7265887295964358327

83 siradein the Digger (level 4, 0/24 HPs)
             Began as a Gargoyle Earth Elementalist on Feb 18, 2022.
             Killed from afar by an orc wizard (5 damage)
             ... with a puff of flame
             ... on level 2 of the Dungeon.
             The game lasted 00:08:55 (3021 turns).

siradein the Digger (Gargoyle Earth Elementalist)   Turns: 3021, Time: 00:08:55

Health: 0/24       AC: 11    Str: 12    XL:     4   Next: 44%
Magic:  0/7        EV: 10    Int: 17    God:
Gold:   137        SH:  0    Dex: 10    Spells: 2/8 levels left

rFire   . . .      SeeInvis .   b - staff of conjuration
rCold   . . .      Faith    .   (no shield)
rNeg    + . .      Spirit   .   s - +3 ring mail
rPois   ∞          Reflect  .   (no helmet)
rElec   +          Harm     .   (no cloak)
rCorr   .          Rampage  .   (no gloves)
Will    .....                   (no boots)
Stlth   +.........              (no amulet)
HPRegen 0.08/turn               (no ring)
MPRegen 0.10/turn               (no ring)

@: no status effects
A: sickness immunity, AC +3, negative energy resistance 1, electricity
resistance, torment resistance 1, petrification resistance
a: no special abilities


You were on level 2 of the Dungeon.
You visited 1 branch of the dungeon, and saw 3 of its levels.

You collected 137 gold pieces.

Inventory:

Hand Weapons
 r - a +0 hunting sling
Missiles
 c - 43 stones
 k - 5 poisoned darts
Armour
 s - a +3 ring mail (worn)
Magical Staves
 b - a staff of conjuration (weapon)
Scrolls
 d - a scroll of immolation {unknown}
 f - 5 scrolls of identify {unknown}
 g - a scroll of brand weapon {unknown}
 h - a scroll of noise {unknown}
 i - 2 scrolls of blinking {unknown}
 l - a scroll of fear {unknown}
 n - a scroll of magic mapping {unknown}
 o - a scroll of amnesia {unknown}
 p - 2 scrolls of fog {unknown}
Potions
 a - 2 potions of heal wounds {unknown}
 e - a potion of degeneration {unknown}
 j - a potion of curing {unknown}
 m - a potion of attraction {unknown}
 q - a potion of brilliance {unknown}


   Skills:
 + Level 0.2 Staves
 + Level 2.2 Dodging
 - Level 2.1 Stealth
 + Level 2.6 Spellcasting
 + Level 1.1 Conjurations
 - Level 1.3 Transmutations
 * Level 4.4 Earth Magic
 + Level 0.2 Evocations


You had 2 spell levels left.
You knew the following spells:

 Your Spells              Type           Power      Damage    Failure   Level
a - Sandblast             Erth           34%        2d9       7%          1
b - Passwall              Tmut/Erth      10%        N/A       19%         2
c - Stone Arrow           Conj/Erth      34%        3d9       38%         3

Your spell library contained the following spells:

 Spells                   Type           Power      Damage    Failure   Level
 Ozocubu's Armour         Ice            2%         N/A       77%         3
 Petrify                  Tmut/Erth      12%        N/A       77%         4
 Ozocubu's Refrigeration  Ice            1%         4d5       100%        7


Dungeon Overview and Level Annotations

Branches:
Dungeon (3/15)

Altars:

Shops:
D:1 [


Innate Abilities, Weirdness & Mutations

You are immune to sickness and miasma.
Your stone body is resilient. (AC +3)
You are immune to poison.
You resist negative energy. (rN+)
You are resistant to electric shocks. (rElec)
You are resistant to unholy torment.
You are immune to petrification.


Message History

There is a stone staircase leading down here.
You are too injured to fight recklessly!
Aiming: Sandblast (safe; 8% risk of failure)
Press: ? - help, Q - select action, (/) - cycle Shift-Dir - straight line, f - orc wizard
Aim: an orc wizard, wielding a +0 dagger and wearing a +0 robe (almost dead, 74% to hit)
The blast of sand hits the orc wizard!
You kill the orc wizard!
The orc wizard hits you but does no damage.
Your Conjurations skill increases to level 1!
You have reached level 4!
You feel stronger.
Aiming: Sandblast (safe; 7% risk of failure)
Press: ? - help, Q - select action, (/) - cycle Shift-Dir - straight line, f - orc wizard
Aim: an orc wizard, wielding a +0 dagger and wearing a +0 robe (74% to hit)
The blast of sand hits the orc wizard!
The orc wizard is heavily wounded.
The orc wizard hits you but does no damage.
Aiming: Sandblast (safe; 7% risk of failure)
Press: ? - help, Q - select action, (/) - cycle Shift-Dir - straight line, f/p - orc wizard
Aim: an orc wizard, wielding a +0 dagger and wearing a +0 robe (heavily wounded, 74% to hit)
The blast of sand misses the orc wizard.
The orc wizard gestures at you while chanting.
The magic dart hits you.
* * * LOW HITPOINT WARNING * * *
Aiming: Sandblast (safe; 7% risk of failure)
Press: ? - help, Q - select action, (/) - cycle Shift-Dir - straight line, f/p - orc wizard
Aim: an orc wizard, wielding a +0 dagger and wearing a +0 robe (heavily wounded, 74% to hit)
The blast of sand hits the orc wizard!
The orc wizard is almost dead.
The orc wizard hits you with a +0 dagger.
* * * LOW HITPOINT WARNING * * *
You don't have enough magic to cast this spell.
You don't have enough magic to cast this spell.
Unknown command.
You completely miss the orc wizard.
The orc wizard is almost dead.
The orc wizard barely misses you. The orc wizard casts a spell at you.
The puff of flame hits you.
You die...

'....##.....##.#.....#
#.#
#######.....##.#.#####
#.# #####
########'#.####### #.#
#...##### #.....#....#
#.#
#.......#####.....#....#
#.#
#.......'.........#....#
#.#
#..)....#####.....#....#
#.# #.......#
#..).o#....###.#
........#
####@..........#
..####### #############
..# #.# #.# #.# #.# #.#
#.#


You could see an orc wizard.

Vanquished Creatures
  An orc wizard (D:2)
  An adder (D:2)
  A dart slug (D:1)
  2 ball pythons (D:1)
  2 endoplasms (D:1)
  4 giant cockroaches
  5 hobgoblins
  3 quokkas
  3 bats (D:1)
  4 frilled lizards
  5 goblins
  6 kobolds
  5 rats
42 creatures vanquished.

Notes
Turn   | Place    | Note
-------+----------+-------------------------------------------
     0 | D:1      | siradein the Gargoyle Earth Elementalist began the quest
                  | for the Orb.
     0 | D:1      | Reached XP level 1. HP: 10/10 MP: 3/3
    19 | D:1      | Found Pikotorer's Antique Armour Shoppe.
   206 | D:1      | Reached skill level 1 in Transmutations
   206 | D:1      | Reached XP level 2. HP: 1/15 MP: 1/5
   824 | D:1      | Reached skill level 4 in Earth Magic
   978 | D:1      | Reached XP level 3. HP: 19/19 MP: 6/6
  1528 | D:1      | Learned a level 2 spell: Passwall
  1532 | D:1      | Learned a level 3 spell: Stone Arrow
  3018 | D:2      | Reached skill level 1 in Conjurations
  3018 | D:2      | Reached XP level 4. HP: 10/24 MP: 3/7
  3021 | D:2      | Killed from afar by an orc wizard

Illustrated notes

Levels and vault maps discovered:
D:1:      saegor_arrival_simple_a, layout_rooms, serial_shops,
          nicolae_lakefront_shop, skrybe_limestone_x
D:2:      layout_basic
D:3:      layout_rooms, nicolae_wu_jian_immortal_techniques,
          chequers_ecumenical_altar_island

Skill      XL: |  1  2  3 |
---------------+----------+-----
Transmutations | 1 |  1.3
Earth Magic    | 4 |  4.4
Dodging        | 2 |  2.2
Conjurations   | 1 |  1.1
Staves         | |  0.2
Stealth        | |  2.1
Spellcasting   | |  2.6
Evocations     | |  0.2

Action                   |  1- 3 |  4- 6 || total
-------------------------+-------+-------++-------
Melee: Staff             |   209 |     1 ||   210
       Unarmed           |     1 |       ||     1
       Punch             |     3 |       ||     3
 Cast: Sandblast         |    12 |     3 ||    15
 Stab: Sleeping          |     4 |       ||     4
Armor: Leather armour    |    97 |       ||    97
       Ring mail         |    10 |     1 ||    11
Dodge: Dodged            |   143 |     1 ||   144

Table legend: (Time is in decaauts)
 A = Elapsed time spent in this place.
 B = Non-inter-level travel time spent in this place.
 C = Inter-level travel time spent in this place.
 D = Time resting spent in this place.
 E = Time spent auto-exploring this place.
 F = Levels seen in this place.
 G = Mean time per level.
                   A        B        C        D        E       F      G
               +--------+--------+--------+--------+--------+-----+--------+
         Total |   3062 |   2975 |     87 |    329 |   2028 |   3 | 1020.7 |
       Dungeon |   3062 |   2975 |     87 |    329 |   2028 |   3 | 1020.7 |
               +--------+--------+--------+--------+--------+-----+--------+

Top non-repeatable levels by time:
     D:1: 1593 daAuts
     D:2: 1330 daAuts
     D:3: 138 daAuts
